Map: Ley Lines

Players

Skadi - Winner!

  • Race: Protoss Protoss
  • League: Diamond
  • Spawn Location: 7:00

AverageIQ

  • Race: Protoss Protoss
  • League: Diamond
  • Spawn Location: 1:00

VOD

Have the link to the VOD?

Description

Time

  • Played on: Aug. 12, 2025, 3:13 p.m.
  • Length: 8:57
Show
View Real Time Build Order
Export as new Build Order

Skadi Protoss - Winner!

Build Orders: Oracle Opening 

Get SALT Encoding   

  12  0:00  Probe  
  13  0:12  Probe  
  14  0:18  Pylon  
  14  0:24  Probe  
  15  0:34  Probe  
  15  0:38  Gateway  
  15  0:42  Probe  
  16  0:47  Assimilator  
  17  0:51  Probe  
  18  1:03  Probe  
  18  1:04  Assimilator  
  19  1:14  Gateway  
  19  1:15  Probe  
  20  1:25  Cybernetics Core  
  20  1:29  Probe  
  21  1:40  Pylon  
  21  1:41  Probe  
  22  1:55  Probe  
  23  2:02  Adept x2  
  23  2:05  Warp Gate  
  23  2:07  Pylon  
  27  2:24  Pylon  
  27  2:36  Stalker  
  27  2:40  Shield Battery  
  28  2:48  Probe, Stargate  
  29  2:57  Probe  
  30  3:09  Stalker  
  33  3:18  Nexus  
  32  3:24  Probe  
  32  3:25  Oracle  
  36  3:42  Pylon  
  36  3:46  Twilight Council  
  36  3:50  Probe  
  35  4:09  Forge, Probe  
  36  4:18  Stalker  
  36  4:21  Probe  
  39  4:27  Phoenix  
  42  4:33  Probe  
  42  4:34  Probe  
  43  4:55  Probe x2  
  43  4:56  Protoss Ground Weapons Level 1, Phoenix  
  45  5:07  Probe  
  45  5:16  Probe  
  45  5:19  Probe  
  47  5:23  Blink  
  47  5:28  Probe  
  47  5:31  Probe  
  47  5:32  Assimilator  
  49  5:36  Gateway  
  49  5:41  Probe  
  50  5:43  Probe  
  51  5:51  Assimilator  
  51  5:53  Probe  
  51  5:55  Probe  
  53  6:01  Stalker x2  
  53  6:29  Stalker x2  
  57  6:34  Stalker  
  57  6:36  Probe x2  
  61  6:40  Gateway  
  61  6:48  Probe  
  61  6:51  Pylon  
  62  6:55  Pylon  
  62  6:56  Nexus  
  62  6:58  Pylon  
  62  7:02  Robotics Facility  
  62  7:09  Probe  
  62  7:14  Charge  
  63  7:16  Shield Battery  
  63  7:18  Photon Cannon  
  63  7:19  Gateway  
  63  7:20  Stalker x2, Gateway  
  67  7:25  Gateway  
  67  7:26  Probe x2  
  69  7:38  Probe  
  69  7:40  Stalker x2  
  69  7:42  Probe  
  75  7:49  Probe  
  75  7:54  Probe  
  75  7:58  Immortal  
  77  8:01  Probe  
  82  8:06  Probe  
  83  8:13  Probe  
  83  8:17  Probe  
  83  8:18  Probe  
  86  8:22  Gateway  
  86  8:23  Stalker x2  
  86  8:24  Gateway  
  86  8:25  Probe  
  93  8:44  Zealot  
  93  8:46  Stalker x4  
Show
View Real Time Build Order
Export as new Build Order

AverageIQ Protoss 

Build Orders: Oracle Opening 

Get SALT Encoding   

  12  0:00  Probe  
  13  0:12  Probe  
  14  0:19  Pylon  
  14  0:24  Probe  
  15  0:33  Probe  
  15  0:38  Gateway  
  15  0:41  Probe  
  16  0:47  Assimilator  
  17  0:51  Probe  
  17  0:57  Assimilator  
  18  1:03  Probe  
  19  1:12  Gateway  
  19  1:18  Probe  
  20  1:28  Cybernetics Core  
  20  1:35  Probe  
  20  1:38  Pylon  
  21  1:47  Probe  
  22  1:52  Pylon  
  22  1:58  Stalker x2  
  22  1:59  Probe  
  23  2:11  Probe  
  23  2:14  Warp Gate  
  28  2:23  Probe  
  28  2:29  Pylon  
  29  2:33  Sentry  
  31  2:47  Probe  
  31  2:49  Stargate  
  32  2:59  Probe, Stalker  
  35  3:07  Pylon  
  35  3:12  Probe  
  36  3:24  Nexus, Probe  
  36  3:26  Pylon  
  37  3:32  Shield Battery  
  37  3:44  Oracle  
  37  3:45  Probe  
  41  4:11  Stalker x2  
  41  4:16  Twilight Council  
  45  4:18  Forge  
  45  4:21  Probe  
  46  4:33  Probe  
  36  4:46  Probe  
  37  4:55  Probe  
  37  4:58  Probe  
  38  5:07  Probe  
  38  5:10  Probe  
  38  5:11  Protoss Ground Weapons Level 1  
  39  5:15  Stalker  
  39  5:19  Probe  
  42  5:22  Probe  
  40  5:28  Blink  
  40  5:31  Probe  
  40  5:34  Probe  
  42  5:41  Stalker  
  44  5:44  Probe  
  45  5:50  Probe  
  46  6:00  Stalker  
  46  6:12  Stalker  
  46  6:16  Gateway  
  48  6:18  Shield Battery  
  44  6:32  Stalker  
  40  6:48  Stalker  
  40  6:55  Probe x2  
  42  7:07  Probe x2  
  44  7:10  Stalker  
  46  7:20  Sentry  
  46  7:21  Zealot  
  50  7:28  Probe x2  
  52  7:37  Nexus  
  52  7:43  Stalker x2  
  56  7:49  Gateway  
  56  7:50  Gateway  
  56  7:51  Gateway  
  51  7:59  Stalker  
  53  8:07  Stalker  
  54  8:20  Stalker  
  54  8:24  Stalker  
  58  8:34  Stalker  
Tags
 
Add a new tag
Caveats
  • Supply blocks, unpowered buildings, or Contaminate may cause inaccurate times.
  • Supply counts are checked every 10 seconds.